TOP OF THE 1ST |
Arkansas Travelers batting - Pitching for Chattanooga Lookouts : RHP Tom Winsor
|
Pitching: RHP Tom Winsor
|
|
Batting: LHB Larry Prey
|
0-0: Ball 1-0: Foul Ball, location: 2F 1-1: Foul Ball, location: 2F 1-2: Ground out U3 (Groundball, 34, EV 98.8 MPH)
|
Batting: RHB Juan Montez
|
0-0: Ball 1-0: Called Strike 1-1: Foul Ball, location: 2F 1-2: Strikes out looking
|
Batting: LHB Mark Reeg
|
0-0: Called Strike 0-1: Ball 1-1: Ball 2-1: Fly out, F7 (Flyball, 7, EV 90.0 MPH)
|
Top of the 1st over - 0 runs, 0 hits, 0 errors, 0 left on base; Arkansas 0 - Chattanooga 0 |
BOTTOM OF THE 1ST |
Chattanooga Lookouts batting - Pitching for Arkansas Travelers : RHP Bartholomeu Voivodic
|
Pitching: RHP Bartholomeu Voivodic
|
|
Batting: SHB Matt Urbani
|
0-0: Called Strike 0-1: Ball 1-1: Ball 2-1: Ball 3-1: Swinging Strike 3-2: SINGLE (Groundball, 34D, EV 98.1 MPH)
|
Batting: RHB John Dew
|
0-0: Called Strike Matt Urbani steals 2nd base 0-1: Ball 1-1: Fly out, F7 (Flyball, 78S, EV 76.9 MPH)
|
Batting: LHB Marshall Daul
|
0-0: Ball 1-0: Ball 2-0: Ball 3-0: Called Strike 3-1: Base on Balls
|
Batting: RHB Leo Gonzalez
|
0-0: Called Strike 0-1: Ball 1-1: Ball 2-1: Ball 3-1: Base on Balls Matt Urbani to third Marshall Daul to second
|
Batting: LHB Jon Ventura
|
0-0: Foul Ball, location: 2F 0-1: Swinging Strike 0-2: Foul Ball, location: 2F 0-2: Foul Ball, location: 2F 0-2: Strikes out swinging
|
Batting: LHB Israel Montoya
|
0-0: Ball 1-0: Ball 2-0: Fly out, F8 (Flyball, 8LM, EV 91.9 MPH)
|
Bottom of the 1st over - 0 runs, 1 hit, 0 errors, 3 left on base; Arkansas 0 - Chattanooga 0 |
TOP OF THE 2ND |
Arkansas Travelers batting - Pitching for Chattanooga Lookouts : RHP Tom Winsor
|
Batting: SHB Mario Padron
|
0-0: Ball 1-0: Called Strike 1-1: Ball 2-1: Ball 3-1: Called Strike 3-2: DOUBLE (Line Drive, 89D, EV 113.1 MPH)
|
Batting: RHB Juan Martinez
|
0-0: Ground out 5-3 (Groundball, 56S, EV 90.0 MPH)
|
Batting: RHB Ryuji Ito
|
0-0: Called Strike Mario Padron steals 3rd base 0-1: Foul Ball, location: 2F 0-2: Foul Ball, location: 2F 0-2: Strikes out swinging
|
Batting: LHB Griffin Ferris
|
0-0: Ground out 4-3 (Groundball, 34, EV 104.4 MPH)
|
Top of the 2nd over - 0 runs, 1 hit, 0 errors, 1 left on base; Arkansas 0 - Chattanooga 0 |
BOTTOM OF THE 2ND |
Chattanooga Lookouts batting - Pitching for Arkansas Travelers : RHP Bartholomeu Voivodic
|
Batting: RHB Nick Phipps
|
0-0: Ball 1-0: Fly out, F9 (Flyball, 89S, EV 95.0 MPH)
|
Batting: RHB Graham Calvert
|
0-0: Foul Ball, location: 2F 0-1: Ball 1-1: Ball 2-1: Ball 3-1: Called Strike 3-2: Ground out 6-3 (Groundball, 6, EV 86.2 MPH)
|
Batting: RHB Jose Gracia
|
0-0: Called Strike 0-1: Ball 1-1: DOUBLE (Groundball, 5L, EV 102.5 MPH)
|
Batting: SHB Matt Urbani
|
0-0: Foul Ball, location: 2F 0-1: 2-RUN HOME RUN (Flyball, 89XD, EV 95.0 MPH), Distance : 379 ft
|
Batting: RHB John Dew
|
0-0: Called Strike 0-1: Ball 1-1: Ground out U3 (Groundball, 3L, EV 81.9 MPH)
|
Bottom of the 2nd over - 2 runs, 2 hits, 0 errors, 0 left on base; Arkansas 0 - Chattanooga 2 |
TOP OF THE 3RD |
Arkansas Travelers batting - Pitching for Chattanooga Lookouts : RHP Tom Winsor
|
Batting: RHB Timoleon Tsikouna
|
0-0: Ground out 2-3 (Groundball, 2R, EV 73.8 MPH)
|
Batting: LHB Justin Balthazor
|
0-0: Ball 1-0: Called Strike 1-1: Called Strike 1-2: Ground out 5-3 (Groundball, 6, EV 88.1 MPH)
|
Batting: LHB Larry Prey
|
0-0: Ball 1-0: Ground out 4-3 (Groundball, 34, EV 108.8 MPH)
|
Top of the 3rd over - 0 runs, 0 hits, 0 errors, 0 left on base; Arkansas 0 - Chattanooga 2 |
BOTTOM OF THE 3RD |
Chattanooga Lookouts batting - Pitching for Arkansas Travelers : RHP Bartholomeu Voivodic
|
Batting: LHB Marshall Daul
|
0-0: SOLO HOME RUN (Line Drive, 8RXD, EV 105.6 MPH), Distance : 427 ft
|
Batting: RHB Leo Gonzalez
|
0-0: Swinging Strike 0-1: Ball 1-1: Fly out, F8 (Flyball, 8RM, EV 79.4 MPH)
|
Batting: LHB Jon Ventura
|
0-0: Ball 1-0: Swinging Strike 1-1: Ball 2-1: Foul Ball, location: 2F 2-2: Ball 3-2: Base on Balls
|
Batting: LHB Israel Montoya
|
0-0: Fielders Choice at 2nd, 4-6 (Groundball, 4, EV 103.1 MPH)
|
Batting: RHB Nick Phipps
|
0-0: SINGLE (Flyball, 89S, EV 91.2 MPH) Israel Montoya to second Runner from 2nd tries for 3rd, SAFE, throw by RF made to third
|
Batting: RHB Graham Calvert
|
0-0: Ball 1-0: Foul Ball, location: 2F 1-1: Swinging Strike 1-2: Strikes out swinging
|
Bottom of the 3rd over - 1 run, 2 hits, 0 errors, 2 left on base; Arkansas 0 - Chattanooga 3 |
TOP OF THE 4TH |
Arkansas Travelers batting - Pitching for Chattanooga Lookouts : RHP Tom Winsor
|
Batting: RHB Juan Montez
|
0-0: Fly out, F9 (Flyball, 89S, EV 90.0 MPH)
|
Batting: LHB Mark Reeg
|
0-0: Ball 1-0: Ball 2-0: Fly out, F9 (Flyball, 89S, EV 83.1 MPH)
|
Batting: SHB Mario Padron
|
0-0: Called Strike 0-1: TRIPLE (Flyball, 89XD, EV 106.2 MPH)
|
Batting: RHB Juan Martinez
|
0-0: Ball 1-0: Called Strike 1-1: Foul Ball, location: 2F 1-2: Ball 2-2: Strikes out swinging, 2-3 out at first.
|
Top of the 4th over - 0 runs, 1 hit, 0 errors, 1 left on base; Arkansas 0 - Chattanooga 3 |
BOTTOM OF THE 4TH |
Chattanooga Lookouts batting - Pitching for Arkansas Travelers : RHP Bartholomeu Voivodic
|
Batting: RHB Jose Gracia
|
0-0: Swinging Strike 0-1: Foul Ball, location: 2F 0-2: SINGLE (Groundball, 56D, EV 103.1 MPH)
|
Batting: SHB Matt Urbani
|
0-0: Ball 1-0: Foul Ball, location: 2F 1-1: Ball 2-1: Ball 3-1: Base on Balls Jose Gracia to second
|
Batting: RHB John Dew
|
0-0: Ball 1-0: Ball 2-0: Ball 3-0: Called Strike 3-1: Foul Ball, location: 2F 3-2: 3-RUN HOME RUN (Flyball, 78XD, EV 106.9 MPH), Distance : 387 ft
|
Pitching: RHP Tyler Keenan
|
|
Batting: LHB Marshall Daul
|
0-0: Called Strike 0-1: Foul Ball, location: 2F 0-2: Strikes out swinging
|
Batting: RHB Leo Gonzalez
|
0-0: Ball 1-0: Ball 2-0: Called Strike 2-1: Ball 3-1: Called Strike 3-2: Strikes out looking
|
Batting: LHB Jon Ventura
|
0-0: Fly out, F9 (Flyball, 89S, EV 89.4 MPH)
|
Bottom of the 4th over - 3 runs, 2 hits, 0 errors, 0 left on base; Arkansas 0 - Chattanooga 6 |
TOP OF THE 5TH |
Arkansas Travelers batting - Pitching for Chattanooga Lookouts : RHP Tom Winsor
|
Batting: RHB Ryuji Ito
|
0-0: SINGLE (Groundball, 5D, EV 106.9 MPH)
|
Batting: LHB Griffin Ferris
|
0-0: Called Strike 0-1: Ball 1-1: Called Strike 1-2: Foul Ball, location: 2F 1-2: Foul Ball, location: 2F 1-2: Fly out, F8 (Line Drive, 89M, EV 86.9 MPH)
|
Batting: RHB Timoleon Tsikouna
|
0-0: Called Strike 0-1: Foul Ball, location: 2F 0-2: Fielders Choice at 2nd, 6-4 (Groundball, 6M, EV 76.9 MPH)
|
Batting: LHB Justin Balthazor
|
0-0: Called Strike 0-1: Ball 1-1: Ball 2-1: Foul Ball, location: 2F 2-2: Strikes out swinging
|
Top of the 5th over - 0 runs, 1 hit, 0 errors, 1 left on base; Arkansas 0 - Chattanooga 6 |
BOTTOM OF THE 5TH |
Chattanooga Lookouts batting - Pitching for Arkansas Travelers : RHP Tyler Keenan
|
Batting: LHB Israel Montoya
|
0-0: Ball 1-0: Ball 2-0: Ball 3-0: Called Strike 3-1: Base on Balls
|
Batting: RHB Nick Phipps
|
0-0: Ball Israel Montoya steals 2nd base (no throw) 1-0: Foul Ball, location: 2F 1-1: Ball 2-1: Foul Ball, location: 2F 2-2: Ball 3-2: Strikes out looking
|
Batting: RHB Graham Calvert
|
0-0: Called Strike 0-1: Swinging Strike 0-2: Strikes out swinging
|
Batting: RHB Jose Gracia
|
0-0: Called Strike 0-1: Ball 1-1: SINGLE (Groundball, 56D, EV 98.8 MPH) Israel Montoya to third Runner from 3rd tries for Home, SAFE, throw by LF to home
|
Batting: SHB Matt Urbani
|
0-0: Ball 1-0: Foul Ball, location: 2F 1-1: Ball 2-1: Foul Ball, location: 2F 2-2: Ball 3-2: SINGLE (Flyball, 8LS, EV 88.8 MPH) Jose Gracia to second Jose Gracia to third
|
Batting: RHB John Dew
|
0-0: Ball 1-0: Ball 2-0: Fly out, F7 (Flyball, 7, EV 96.9 MPH)
|
Bottom of the 5th over - 1 run, 2 hits, 0 errors, 2 left on base; Arkansas 0 - Chattanooga 7 |
TOP OF THE 6TH |
Arkansas Travelers batting - Pitching for Chattanooga Lookouts : RHP Tom Winsor
|
Batting: LHB Larry Prey
|
0-0: Foul Ball, location: 2F 0-1: Ball 1-1: Swinging Strike 1-2: Ground out U3 (Groundball, 3, EV 79.4 MPH)
|
Batting: RHB Juan Montez
|
0-0: Ball 1-0: Ball 2-0: Called Strike 2-1: Ball 3-1: Swinging Strike 3-2: Strikes out swinging
|
Batting: LHB Mark Reeg
|
0-0: Ball 1-0: SINGLE (Flyball, 6D, EV 93.8 MPH)
|
Batting: SHB Mario Padron
|
0-0: Ball 1-0: Ball 2-0: Ground out 4-3 (Groundball, 4, EV 79.4 MPH)
|
Top of the 6th over - 0 runs, 1 hit, 0 errors, 1 left on base; Arkansas 0 - Chattanooga 7 |
BOTTOM OF THE 6TH |
Chattanooga Lookouts batting - Pitching for Arkansas Travelers : RHP Tyler Keenan
|
Batting: LHB Marshall Daul
|
0-0: Called Strike 0-1: Ball 1-1: Foul Ball, location: 2F 1-2: Ball 2-2: Strikes out swinging
|
Batting: RHB Leo Gonzalez
|
0-0: Ball 1-0: Ball 2-0: Ball 3-0: Called Strike 3-1: Called Strike 3-2: Base on Balls
|
Pitching: LHP Steve McClain
|
|
Batting: LHB Jon Ventura
|
0-0: Ball 1-0: Fly out, F7 (Flyball, 78M, EV 81.2 MPH)
|
Batting: LHB Israel Montoya
|
0-0: Ball 1-0: Ball 2-0: Ball 3-0: Base on Balls Leo Gonzalez to second
|
Batting: RHB Nick Phipps
|
0-0: DOUBLE (Line Drive, 7LM, EV 103.1 MPH) Leo Gonzalez scores Israel Montoya to third Runner from 3rd tries for Home, SAFE, throw by LF to home
|
Batting: RHB Graham Calvert
|
0-0: Called Strike 0-1: Called Strike 0-2: Strikes out swinging
|
Bottom of the 6th over - 2 runs, 1 hit, 0 errors, 1 left on base; Arkansas 0 - Chattanooga 9 |
TOP OF THE 7TH |
Arkansas Travelers batting - Pitching for Chattanooga Lookouts : RHP Tom Winsor
|
Batting: RHB Juan Martinez
|
0-0: Foul Ball, location: 2F 0-1: Swinging Strike 0-2: Strikes out looking
|
Batting: RHB Ryuji Ito
|
0-0: Ball 1-0: Called Strike 1-1: Ball 2-1: Ball 3-1: SINGLE (Groundball, 5S, EV 74.4 MPH) (infield hit)
|
Batting: LHB Griffin Ferris
|
0-0: Ball Ryuji Ito steals 2nd base (no throw) 1-0: Ground out 4-3 (Groundball, 4S, EV 60.6 MPH) Ryuji Ito to third
|
Batting: RHB Timoleon Tsikouna
|
0-0: Called Strike 0-1: Ground out 1-3 (Groundball, 15S, EV 69.4 MPH)
|
Top of the 7th over - 0 runs, 1 hit, 0 errors, 1 left on base; Arkansas 0 - Chattanooga 9 |
BOTTOM OF THE 7TH |
Chattanooga Lookouts batting - Pitching for Arkansas Travelers : LHP Steve McClain
|
Batting: RHB Jose Gracia
|
0-0: Foul Ball, location: 2F 0-1: Ground out 5-3 (Groundball, 56, EV 102.5 MPH)
|
Batting: SHB Matt Urbani
|
0-0: Called Strike 0-1: Ball 1-1: Ball 2-1: Ball 3-1: Base on Balls
|
Batting: RHB John Dew
|
0-0: Called Strike 0-1: Ball 1-1: Foul Ball, location: 2F 1-2: Ball 2-2: Strikes out swinging
|
Batting: LHB Marshall Daul
|
0-0: Ball 1-0: Ball 2-0: Called Strike 2-1: Foul Ball, location: 2F 2-2: Fly out, F6 (Popup, 6M, EV 56.2 MPH)
|
Bottom of the 7th over - 0 runs, 0 hits, 0 errors, 1 left on base; Arkansas 0 - Chattanooga 9 |
TOP OF THE 8TH |
Arkansas Travelers batting - Pitching for Chattanooga Lookouts : RHP Tom Winsor
|
Batting: LHB Justin Balthazor
|
0-0: Called Strike 0-1: Foul Ball, location: 2F 0-2: Foul Ball, location: 2F 0-2: Ball 1-2: Ball 2-2: Ball 3-2: Fly out, F8 (Flyball, 8RXD, EV 102.5 MPH)
|
Batting: LHB Larry Prey
|
0-0: Foul Ball, location: 2F 0-1: Ball 1-1: Swinging Strike 1-2: Foul Ball, location: 2F 1-2: Strikes out swinging, 2-3 out at first.
|
Batting: RHB Juan Montez
|
0-0: Called Strike 0-1: Ball 1-1: SINGLE (Line Drive, 9LS, EV 85.0 MPH)
|
Pitching: RHP Willie Romero
|
|
Batting: LHB Mark Reeg
|
0-0: Swinging Strike 0-1: Foul Ball, location: 2F 0-2: Ball 1-2: Ball 2-2: SINGLE (Groundball, 34S, EV 68.1 MPH) (infield hit) Juan Montez to second
|
Batting: SHB Mario Padron
|
0-0: Called Strike 0-1: Ball 1-1: Fly out, F8 (Flyball, 78D, EV 110.0 MPH)
|
Top of the 8th over - 0 runs, 2 hits, 0 errors, 2 left on base; Arkansas 0 - Chattanooga 9 |
BOTTOM OF THE 8TH |
Chattanooga Lookouts batting - Pitching for Arkansas Travelers : LHP Steve McClain
|
Batting: RHB Leo Gonzalez
|
0-0: Ball 1-0: Foul Ball, location: 2F 1-1: Ball 2-1: Ball 3-1: Called Strike 3-2: Reached on error, E5 (Groundball, 5S, EV 90.0 MPH)
|
Batting: LHB Jon Ventura
|
0-0: Ball 1-0: Foul Ball, location: 2F 1-1: Ball 2-1: Foul Ball, location: 2F 2-2: Foul Ball, location: 2F 2-2: SINGLE (Groundball, 6M, EV 103.1 MPH) (infield hit) Leo Gonzalez to third
|
Pitching: RHP Jake Bruen
|
|
Batting: LHB Israel Montoya
|
0-0: Foul Ball, location: 2F 0-1: Ball 1-1: Ball 2-1: Called Strike 2-2: Foul Ball, location: 2F 2-2: Strikes out looking
|
Batting: RHB Nick Phipps
|
0-0: Foul Ball, location: 2F 0-1: Ball 1-1: Ball 2-1: Ball 3-1: Base on Balls Jon Ventura to second
|
Batting: RHB Graham Calvert
|
0-0: Ball 1-0: Ball 2-0: Grounds into double play, 3-6-1 (Groundball, 34, EV 106.9 MPH)
|
Bottom of the 8th over - 0 runs, 1 hit, 1 error, 2 left on base; Arkansas 0 - Chattanooga 9 |
TOP OF THE 9TH |
Arkansas Travelers batting - Pitching for Chattanooga Lookouts : RHP Willie Romero
|
Batting: RHB Juan Martinez
|
0-0: Called Strike 0-1: Fly out, F8 (Flyball, 89S, EV 92.5 MPH)
|
Batting: RHB Ryuji Ito
|
0-0: Ball 1-0: Ball 2-0: Ball 3-0: Base on Balls
|
Batting: LHB Griffin Ferris
|
0-0: Ground out 5-3 (Groundball, 56S, EV 68.8 MPH) Ryuji Ito to second
|
Pinch Hitting: RHB Jose Ramirez
|
0-0: Ball 1-0: Ball 2-0: Called Strike 2-1: Foul Ball, location: 2F 2-2: Ground out 4-3 (Groundball, 4M, EV 100.6 MPH)
|
Top of the 9th over - 0 runs, 0 hits, 0 errors, 1 left on base; Arkansas 0 - Chattanooga 9 |
|